SKY
ST. LOUIS CARDINALS @ ARIZONA DIAMONDBACKS
08/21/2051
 
TOP OF THE 1ST
St. Louis Cardinals batting - Pitching for Arizona Diamondbacks : RHP A.J. Evans
Pitching: RHP A.J. Evans
Batting: RHB Bobby Grimm 0-0: Ball
1-0: Swinging Strike
1-1: Ball
2-1: Foul Ball, location: 3F
2-2: Strikes out swinging
Batting: LHB Marcus Jones 0-0: Called Strike
0-1: Ball
1-1: Fly out, F8 (Flyball, 8LD, EV 95.6 MPH)
Batting: SHB José Jesús De La Cruz 0-0: Called Strike
0-1: Ground out 6-3 (Groundball, 6, EV 84.4 MPH)
Top of the 1st over - 0 runs, 0 hits, 0 errors, 0 left on base; St. Louis 0 - Arizona 0
BOTTOM OF THE 1ST
Arizona Diamondbacks batting - Pitching for St. Louis Cardinals : RHP Jamison Bond
Pitching: RHP Jamison Bond
Batting: LHB Glenn Pichardo 0-0: Ball
1-0: Foul Ball, location: 9LSF
1-1: Foul Ball, location: 5FF
1-2: Strikes out swinging
Batting: RHB Duncan Hancock 0-0: Ball
1-0: Ball
2-0: Ball
3-0: Called Strike
3-1: Swinging Strike
3-2: Fly out, F7 (Line Drive, 7S, EV 97.5 MPH)
Batting: LHB P.T. Bailey 0-0: Called Strike
0-1: SINGLE (Line Drive, 89S, EV 108.8 MPH)
Batting: LHB Peter Conrad 0-0: Called Strike
0-1: Called Strike
0-2: Foul Ball, location: 7LSF
0-2: Foul Ball, location: 5F
0-2: Ball
1-2: Ball
2-2: Foul Ball, location: 2RF
2-2: Ball
3-2: Base on Balls
P.T. Bailey to second
Batting: RHB Gaius Raton 0-0: Called Strike
0-1: Ground out 4-3 (Groundball, 34, EV 96.3 MPH)
Bottom of the 1st over - 0 runs, 1 hit, 0 errors, 2 left on base; St. Louis 0 - Arizona 0
TOP OF THE 2ND
St. Louis Cardinals batting - Pitching for Arizona Diamondbacks : RHP A.J. Evans
Batting: RHB Dan Moore 0-0: Ball
1-0: Swinging Strike
1-1: Ball
2-1: Ground out 4-3 (Groundball, 34, EV 88.1 MPH)
Batting: SHB Joseph Mitchell 0-0: Ball
1-0: Ball
2-0: Ball
3-0: Called Strike
3-1: Base on Balls
Batting: RHB Josué Caballero 0-0: Called Strike
0-1: SINGLE (Line Drive, 5D, EV 68.1 MPH)
Joseph Mitchell to second
Batting: SHB Sammy Horgan 0-0: Called Strike
0-1: Swinging Strike
0-2: Foul Ball, location: 2F
0-2: Strikes out swinging
Batting: LHB Josef Rosendorff 0-0: Ball
1-0: Called Strike
1-1: Fly out, F6 (Line Drive, 6, EV 63.8 MPH)
Top of the 2nd over - 0 runs, 1 hit, 0 errors, 2 left on base; St. Louis 0 - Arizona 0
BOTTOM OF THE 2ND
Arizona Diamondbacks batting - Pitching for St. Louis Cardinals : RHP Jamison Bond
Batting: LHB Wil Solís 0-0: Called Strike
0-1: Called Strike
0-2: Ball
1-2: Fly out, F9 (Flyball, 89S, EV 81.3 MPH)
Batting: SHB Enrique Mata 0-0: Called Strike
0-1: Ball
1-1: Foul Ball, location: 23F
1-2: Ball
2-2: Foul Ball, location: 5FF
2-2: Ground out 6-3 (Groundball, 6, EV 109.4 MPH)
Batting: RHB Josef Horne 0-0: Ground out 5-3 (Groundball, 5, EV 88.8 MPH)
Bottom of the 2nd over - 0 runs, 0 hits, 0 errors, 0 left on base; St. Louis 0 - Arizona 0
TOP OF THE 3RD
St. Louis Cardinals batting - Pitching for Arizona Diamondbacks : RHP A.J. Evans
Batting: RHB Paco Paredes 0-0: Ball
1-0: Swinging Strike
1-1: Ball
2-1: Ball
3-1: Fly out, F8 (Flyball, 8RS, EV 93.8 MPH)
Batting: RHB Bobby Grimm 0-0: Foul Ball, location: 9LDF
0-1: Ball
1-1: Called Strike
1-2: Strikes out swinging
Batting: LHB Marcus Jones 0-0: Ball
1-0: Ball
2-0: Hit by Pitch
Batting: SHB José Jesús De La Cruz 0-0: Ball
1-0: Called Strike
1-1: Ball
2-1: Called Strike
2-2: Fly out, F6 (Popup, 6MD, EV 43.8 MPH)
Top of the 3rd over - 0 runs, 0 hits, 0 errors, 1 left on base; St. Louis 0 - Arizona 0
BOTTOM OF THE 3RD
Arizona Diamondbacks batting - Pitching for St. Louis Cardinals : RHP Jamison Bond
Batting: RHB Jodie Molen 0-0: Foul Ball, location: 9LDF
0-1: Ground out 4-3 (Groundball, 4M, EV 87.5 MPH)
Batting: LHB Glenn Pichardo 0-0: Called Strike
0-1: Ground out 1-3 (Groundball, 13S, EV 70.0 MPH)
Batting: RHB Duncan Hancock 0-0: Ball
1-0: Swinging Strike
1-1: Called Strike
1-2: Strikes out looking
Bottom of the 3rd over - 0 runs, 0 hits, 0 errors, 0 left on base; St. Louis 0 - Arizona 0
TOP OF THE 4TH
St. Louis Cardinals batting - Pitching for Arizona Diamondbacks : RHP A.J. Evans
Batting: RHB Dan Moore 0-0: Ball
1-0: Called Strike
1-1: Foul Ball, location: 25F
1-2: Ball
2-2: Ball
3-2: SINGLE (Groundball, 34D, EV 104.4 MPH)
Batting: SHB Joseph Mitchell 0-0: Foul Ball, location: 3F
0-1: Swinging Strike
0-2: Foul Ball, location: 3FF
0-2: Fly out, F8 (Flyball, 8LXD, EV 85.0 MPH)
Batting: RHB Josué Caballero 0-0: Called Strike
0-1: Ball
1-1: Ball
2-1: Fielders Choice at 2nd, 3-6 (Groundball, 3S, EV 80.6 MPH)
Batting: SHB Sammy Horgan 0-0: Ball
1-0: Ball
2-0: Called Strike
2-1: Foul Ball, location: 2F
2-2: Ball
3-2: Base on Balls
Josué Caballero to second
Batting: LHB Josef Rosendorff 0-0: Fielders Choice at 2nd, 6-4 (Groundball, 6, EV 98.1 MPH)
Top of the 4th over - 0 runs, 1 hit, 0 errors, 2 left on base; St. Louis 0 - Arizona 0
BOTTOM OF THE 4TH
Arizona Diamondbacks batting - Pitching for St. Louis Cardinals : RHP Jamison Bond
Batting: LHB P.T. Bailey 0-0: Called Strike
0-1: Ball
1-1: SINGLE (Groundball, 6M, EV 109.4 MPH) (infield hit)
Batting: LHB Peter Conrad 0-0: Ball
1-0: Ball
2-0: Swinging Strike
2-1: Swinging Strike
2-2: Foul Ball, location: 7LSF
2-2: 2-RUN HOME RUN (Flyball, 8LXD, EV 105.0 MPH), Distance : 441 ft
Batting: RHB Gaius Raton 0-0: Ball
1-0: Ball
2-0: Ball
3-0: Base on Balls
Batting: LHB Wil Solís 0-0: Called Strike
0-1: Called Strike
Gaius Raton steals 2nd base
0-2: Strikes out looking
Batting: SHB Enrique Mata 0-0: Ground out U3 (Groundball, 3, EV 91.9 MPH)
Gaius Raton to third
Batting: RHB Josef Horne 0-0: Foul Ball, location: 2F
0-1: Ball
1-1: Ball
2-1: Called Strike
2-2: Foul Ball, location: 2F
2-2: Strikes out swinging
Bottom of the 4th over - 2 runs, 2 hits, 0 errors, 1 left on base; St. Louis 0 - Arizona 2
TOP OF THE 5TH
St. Louis Cardinals batting - Pitching for Arizona Diamondbacks : RHP A.J. Evans
Batting: RHB Paco Paredes 0-0: Foul Ball, location: 9LDF
0-1: Ball
1-1: Foul Ball, location: 2F
1-2: Ball
2-2: Fly out, F8 (Line Drive, 78D, EV 85.0 MPH)
Batting: RHB Bobby Grimm 0-0: Ball
1-0: Foul Ball, location: 2F
1-1: Called Strike
1-2: Ball
2-2: Strikes out swinging
Batting: LHB Marcus Jones 0-0: Swinging Strike
0-1: Swinging Strike
0-2: Foul Ball, location: 2F
0-2: Ball
1-2: Foul Ball, location: 2F
1-2: Foul Ball, location: 2F
1-2: Strikes out looking
Top of the 5th over - 0 runs, 0 hits, 0 errors, 0 left on base; St. Louis 0 - Arizona 2
BOTTOM OF THE 5TH
Arizona Diamondbacks batting - Pitching for St. Louis Cardinals : RHP Jamison Bond
Batting: RHB Jodie Molen 0-0: Ball
1-0: Called Strike
1-1: Foul Ball, location: 23F
1-2: Ball
2-2: Foul Ball, location: 5DF
2-2: Ball
3-2: Fly out, F9 (Flyball, 89S, EV 86.3 MPH)
Batting: LHB Glenn Pichardo 0-0: Ball
1-0: Called Strike
1-1: Ground out U3 (Groundball, 3, EV 88.1 MPH)
Batting: RHB Duncan Hancock 0-0: Ball
1-0: Single, Error in OF, E8, batter to second base (Groundball, 6MD, EV 93.8 MPH)
Batting: LHB P.T. Bailey 0-0: Foul Ball, location: 2F
0-1: Ground out 4-3 (Groundball, 34D, EV 105.0 MPH)
Bottom of the 5th over - 0 runs, 1 hit, 1 error, 1 left on base; St. Louis 0 - Arizona 2
TOP OF THE 6TH
St. Louis Cardinals batting - Pitching for Arizona Diamondbacks : RHP A.J. Evans
Batting: SHB José Jesús De La Cruz 0-0: Ball
1-0: Ball
2-0: Ball
3-0: Base on Balls
Batting: RHB Dan Moore 0-0: Fly out, F8 (Flyball, 8RD, EV 102.5 MPH)
Batting: SHB Joseph Mitchell 0-0: Called Strike
0-1: Fly out, F8 (Flyball, 8RS, EV 79.4 MPH)
Batting: RHB Josué Caballero 0-0: Foul Ball, location: 3FF
0-1: Foul Ball, location: 2F
0-2: Ball
1-2: Strikes out swinging
Top of the 6th over - 0 runs, 0 hits, 0 errors, 1 left on base; St. Louis 0 - Arizona 2
BOTTOM OF THE 6TH
Arizona Diamondbacks batting - Pitching for St. Louis Cardinals : RHP Jamison Bond
Batting: LHB Peter Conrad 0-0: Called Strike
0-1: Ball
1-1: Foul Ball, location: 2F
1-2: Foul Ball, location: 2F
1-2: Ball
2-2: Strikes out swinging
Batting: RHB Gaius Raton 0-0: Foul Ball, location: 2F
0-1: SINGLE (Groundball, 56D, EV 103.1 MPH)
Batting: LHB Wil Solís 0-0: Foul Ball, location: 2F
0-1: 2-RUN HOME RUN (Flyball, 9D, EV 98.1 MPH), Distance : 376 ft
Batting: SHB Enrique Mata 0-0: Ball
1-0: Ball
2-0: SINGLE (Line Drive, 34D, EV 103.1 MPH)
Batting: RHB Josef Horne 0-0: Grounds into double play, 4-6-3 (Groundball, 4, EV 90.0 MPH)
Bottom of the 6th over - 2 runs, 3 hits, 0 errors, 0 left on base; St. Louis 0 - Arizona 4
TOP OF THE 7TH
St. Louis Cardinals batting - Pitching for Arizona Diamondbacks : RHP A.J. Evans
Batting: SHB Sammy Horgan 0-0: Called Strike
0-1: Called Strike
0-2: Ball
1-2: Foul Ball, location: 2F
1-2: Ball
2-2: Ball
3-2: Foul Ball, location: 2F
3-2: Strikes out looking
Pitching: RHP Joshua Campbell
Batting: LHB Josef Rosendorff 0-0: Ball
1-0: Swinging Strike
1-1: Ball
2-1: Foul Ball, location: 5FF
2-2: Fly out, F6 (Popup, 15, EV 83.1 MPH)
Batting: RHB Paco Paredes 0-0: Called Strike
0-1: Swinging Strike
0-2: Ball
1-2: Foul Ball, location: 2F
1-2: Foul Ball, location: 23F
1-2: Ground out 6-3 (Groundball, 6, EV 86.3 MPH)
Top of the 7th over - 0 runs, 0 hits, 0 errors, 0 left on base; St. Louis 0 - Arizona 4
BOTTOM OF THE 7TH
Arizona Diamondbacks batting - Pitching for St. Louis Cardinals : RHP Jamison Bond
Batting: RHB Jodie Molen 0-0: Swinging Strike
0-1: Ground out U3 (Groundball, 3L, EV 105.6 MPH)
Batting: LHB Glenn Pichardo 0-0: Ball
1-0: Swinging Strike
1-1: Called Strike
1-2: SINGLE (Line Drive, 34D, EV 97.5 MPH)
Pitching: RHP Gael Veloz
Batting: RHB Duncan Hancock 0-0: Ball
1-0: Ball
2-0: Ball
3-0: Called Strike
3-1: Swinging Strike
3-2: Grounds into double play, 4-6-3 (Groundball, 34S, EV 91.3 MPH)
Bottom of the 7th over - 0 runs, 1 hit, 0 errors, 0 left on base; St. Louis 0 - Arizona 4
TOP OF THE 8TH
St. Louis Cardinals batting - Pitching for Arizona Diamondbacks : RHP Joshua Campbell
Batting: RHB Bobby Grimm 0-0: Foul Ball, location: 2F
0-1: Ball
1-1: Ball
2-1: Swinging Strike
2-2: Strikes out looking
Batting: LHB Marcus Jones 0-0: Ball
1-0: Foul Ball, location: 2F
1-1: Ball
2-1: Foul Ball, location: 3FF
2-2: Strikes out looking
Batting: SHB José Jesús De La Cruz 0-0: Ball
1-0: Foul Ball, location: 3FF
1-1: Ball
2-1: Swinging Strike
2-2: Ground out U3 (Groundball, 3L, EV 101.9 MPH)
Top of the 8th over - 0 runs, 0 hits, 0 errors, 0 left on base; St. Louis 0 - Arizona 4
BOTTOM OF THE 8TH
Arizona Diamondbacks batting - Pitching for St. Louis Cardinals : RHP Gael Veloz
Batting: LHB P.T. Bailey 0-0: Called Strike
0-1: Called Strike
0-2: Ball
1-2: Foul Ball, location: 2F
1-2: Ball
2-2: Foul Ball, location: 3DF
2-2: Ball
3-2: Ground out 6-3 (Groundball, 4M, EV 92.5 MPH)
Batting: LHB Peter Conrad 0-0: Foul Ball, location: 7LMF
0-1: Foul Ball, location: 7LSF
0-2: Foul Ball, location: 7LDF
0-2: Ball
1-2: Strikes out swinging
Batting: RHB Gaius Raton 0-0: Foul Ball, location: 7LSFF
0-1: Ball
1-1: Ball
2-1: Ball
3-1: Base on Balls
Batting: LHB Wil Solís 0-0: SINGLE (Line Drive, 7S, EV 89.4 MPH)
Gaius Raton to second
Batting: SHB Enrique Mata 0-0: Swinging Strike
0-1: Called Strike
0-2: Strikes out swinging
Bottom of the 8th over - 0 runs, 1 hit, 0 errors, 2 left on base; St. Louis 0 - Arizona 4
TOP OF THE 9TH
St. Louis Cardinals batting - Pitching for Arizona Diamondbacks : RHP Joshua Campbell
Pitching: RHP J.R. White
Batting: RHB Dan Moore 0-0: Swinging Strike
0-1: Ball
1-1: Swinging Strike
1-2: Strikes out swinging
Batting: SHB Joseph Mitchell 0-0: Ground out 4-3 (Groundball, 4, EV 80.0 MPH)
Batting: RHB Josué Caballero 0-0: Ball
1-0: Ball
2-0: SINGLE (Groundball, 6MD, EV 96.9 MPH)
Batting: SHB Sammy Horgan 0-0: Ball
1-0: Ball
2-0: Foul Ball, location: 5SF
2-1: SINGLE (Groundball, 6MD, EV 107.5 MPH)
Josué Caballero to second
Batting: LHB Josef Rosendorff 0-0: Called Strike
0-1: Foul Ball, location: 2F
0-2: Ground out U3 (Groundball, 3S, EV 90.0 MPH)
Top of the 9th over - 0 runs, 2 hits, 0 errors, 2 left on base; St. Louis 0 - Arizona 4
Wednesday, March 27th , 2024 - OOTP Baseball 24.11 Build 85